AoeStats
← WaCCos

Arabia

510126944Analyzed
1v1 RM · 4d ago on Sep 29, 2026· 39m 3s· 2 players
Game mode
Random Map
Map size
Tiny (2 player)
Population
200
Speed
Normal
Resources
Standard
Victory
Conquest
Starting age
Dark Age
Ending age
Imperial Age
RankedLock teamsTeams togetherTeam positionsShared explorationLock speedFull tech treeHidden civsTurbo modeCheats
Victory
Defeat
🇮🇹 Hindustanis · Italy
1318
+17
🇩🇪 Saxons · Germany
1345
-17
Player2
7:40 Loom
9:43 Feudal Age
10:45 Double-Bit Axe
13:47 Fletching
14:18 Horse Collar
19:29 Town Watch
22:10 Castle Age
23:08 Bow Saw
23:00 Heavy Plow
22:52 Gold Mining
25:04 Wheelbarrow
25:45 Bodkin Arrow
26:05 Padded Archer Armor
27:16 Hand Cart
27:16 Stone Mining
33:42 Imperial Age
31:51 Scale Mail Armor
31:56 Grand Trunk Road
33:23 Chain Mail Armor
34:37 Ballistics
35:36 Bracer
38:51 Chemistry
38:08 Thumb Ring
WaCCos
6:24 Loom
9:20 Feudal Age
9:53 Double-Bit Axe
12:38 Fletching
14:45 Padded Archer Armor
18:09 Horse Collar
25:14 Castle Age
24:31 Scale Mail Armor
24:41 Forging
26:22 Gambesons
27:22 Chain Mail Armor
28:02 Squires
28:43 Iron Casting
29:01 Bow Saw
29:11 Arson
37:30 Imperial Age
35:43 Wheelbarrow
Connection lost

Rejoining the realm…

Still unreachable

The connection could not be restored.

Session expired

The server has moved on; the page needs a fresh start.